 Dungeon Crawl Stone Soup version 0.28-a0-1510-gd0f6b136d3 (webtiles) character file.

Game seed: 2868915886114899096

524 kae the Insei (level 7, -2/51 HPs)
             Began as a Demonspawn Transmuter on Jan 14, 2022.
             Splashed by a jelly's acid (6 damage)
             ... on level 4 of the Dungeon.
             The game lasted 00:03:42 (5576 turns).

kae the Insei (Demonspawn Transmuter)               Turns: 5576, Time: 00:03:43

Health: -2/51      AC: -4    Str: 10    XL:     7   Next: 2%
Magic:  11/11      EV: 13    Int: 23    God:
Gold:   165        SH:  0    Dex: 18    Spells: 8/12 levels left

rFire   . . .      SeeInvis .   g - +1 hand axe (freeze)
rCold   . . .      Faith    .   (no shield)
rNeg    . . .      Spirit   .   a - +0 robe
rPois   .          Reflect  .   (no helmet)
rElec   .          Harm     .   (no cloak)
rCorr   .          Rampage  .   n - +1 pair of gloves {Dex+3}
Will    .....                   (no boots)
Stlth   +++.......              (no amulet)
HPRegen 0.17/turn               c - +6 ring of intelligence
MPRegen 0.12/turn               (no ring)

@: corroded
A: hooves 2, thin skeletal structure 1, powered by pain 1, spiny 1
a: no special abilities


You were on level 4 of the Dungeon.
You visited 1 branch of the dungeon, and saw 5 of its levels.

You collected 165 gold pieces.

Inventory:

Hand Weapons
 g - a +1 hand axe of freezing (weapon)
Armour
 a - a +0 robe (worn)
 n - a +1 pair of gloves of dexterity (worn)
Jewellery
 b - an amulet of faith
 c - a +6 ring of intelligence (left hand)
Wands
 j - a wand of polymorph (7)
Scrolls
 e - 2 scrolls of blinking
 l - a scroll of fog
 m - 2 scrolls of teleportation
Potions
 d - a potion of ambrosia
 f - a potion of magic
 h - a potion of haste
 i - a potion of cancellation
 k - a potion of attraction


   Skills:
 + Level 2.7 Fighting
 + Level 2.8 Dodging
 * Level 4.4 Unarmed Combat
 + Level 3.1 Spellcasting
 * Level 3.6 Transmutations
 - Level 2.0 Poison Magic


You had 8 spell levels left.
You knew the following spells:

 Your Spells              Type           Power      Damage    Failure   Level
a - Beastly Appendage     Tmut           40%        N/A       2%          1
b - Spider Form           Tmut/Pois      16%        N/A       11%         3

Your spell library contained the following spells:

 Spells                   Type           Power      Damage    Failure   Level
 Wereblood                Tmut           20%        N/A       3%          2
 Passwall                 Tmut/Erth      10%        N/A       9%          2
 Slow                     Hex            12%        N/A       12%         1
 Ensorcelled Hibernation  Hex/Ice        6%         N/A       17%         2
 Sublimation of Blood     Necr           3%         N/A       17%         2
 Call Canine Familiar     Summ           3%         N/A       34%         3
 Confusing Touch          Hex            3%         N/A       34%         3
 Frozen Ramparts          Ice            6%         1d2       34%         3
 Portal Projectile        Hex/Tloc       6%         N/A       34%         3
 Swiftness                Air            3%         N/A       34%         3
 Tukima's Dance           Hex            3%         N/A       34%         3
 Vampiric Draining        Necr           3%         2d6       34%         3
 Ice Form                 Ice/Tmut       12%        N/A       47%         4
 Anguish                  Hex/Necr       1%         N/A       75%         4
 Leda's Liquefaction      Hex/Erth       1%         N/A       75%         4
 Passage of Golubria      Tloc           3%         N/A       75%         4
 Summon Ice Beast         Ice/Summ       3%         N/A       75%         4
 Yara's Violent Unravell  Hex/Tmut       6%         3d5       83%         5
 Summon Hydra             Summ           1%         N/A       100%        7


Dungeon Overview and Level Annotations

Branches:
Dungeon (5/15)
 Temple: D:4-7

Altars:
Fedhas
Makhleb
Qazlal

Annotations:
D:5 3 runed translucent doors, incide's ghost, novice MfGl; kae's ghost, novice DrTm


Innate Abilities, Weirdness & Mutations

You have hoof-like feet.
You have a somewhat thin skeletal structure. (Dex +2, Stealth+)
You sometimes gain a little power by taking damage.
You are partially covered in sharp spines.


Message History

The gnoll hits you from afar with a +0 spear.
You have reached level 7!
Your demonic ancestry asserts itself...
Sharp spines emerge from parts of your body.
The gnoll closely misses you.
Things that are here:
a +0 flail; 9 gold pieces The gnoll shouts!
You hit the gnoll.
The gnoll is moderately wounded.
The gnoll hits you with a +0 spear!
You bite the gnoll!
The gnoll is poisoned.
The gnoll is almost dead.
The gnoll misses you.
You kill the gnoll!
There is a stone staircase leading up here.
Your transformation has ended.
Your +1 hand axe of freezing unmelds from your body.
Your +1 pair of gloves of dexterity unmelds from your body.
Your +0 robe unmelds from your body.
Your +1 hand axe of freezing glows with a cold blue light!
You feel agile. The jelly barely misses you.
You climb upwards.
There is a stone staircase leading down here.
You hit the jelly. You freeze the jelly. The acid corrodes you!
Your hands burn!
The jelly is moderately wounded.
The jelly is struck by your spines. The jelly hits you.
You are splashed with acid!
* * * LOW HITPOINT WARNING * * *
You hit the jelly. You freeze the jelly. The acid corrodes you!
Your hands burn!
* * * LOW HITPOINT WARNING * * *
You kick the jelly. You punch the jelly, but do no damage.
The jelly is severely wounded.
The jelly hits you.
* * * LOW HITPOINT WARNING * * *
You are splashed with acid.
You die...

#.#........ #.#........
########.#.##.....
#........#.##.....
#.########.##.....
######.########.######.
#...............######.
#.####J#...............
#.# #@..............##
#.# #.#.######.####...
#.####.#.# #.# ####
#......#.# #.# #(
########.# #.# #. #.#
##'### #. #.# #....# #.
#.#####....# ##
#..........# #


You could see a jelly.

Vanquished Creatures
  Grinder (D:3)
  A gnoll shaman (D:5)
  3 iguanas
  An orc wizard (D:3)
  6 gnolls
  5 adders
  An adder skeleton (D:4)
  A worm (D:2)
  A dart slug (D:3)
  7 orcs (D:3)
  3 bats
  8 endoplasms
  8 giant cockroaches
  4 goblins
  4 hobgoblins
  4 jackals (D:1)
  3 quokkas
  7 ball pythons
  3 frilled lizards
  4 kobolds
  3 rats
78 creatures vanquished.

Notes
Turn   | Place    | Note
-------+----------+-------------------------------------------
     0 | D:1      | kae the Demonspawn Transmuter began the quest for the Orb.
     0 | D:1      | Reached XP level 1. HP: 15/15 MP: 3/3
   301 | D:1      | Lost mutation: You have razor-sharp toenails. [demonic
                  | ancestry]
   301 | D:1      | Lost mutation: You have sharp toenails. [demonic ancestry]
   301 | D:1      | Gained mutation: You have large cloven feet. [demonic
                  | ancestry]
   301 | D:1      | Reached XP level 2. HP: 21/21 MP: 3/5
   334 | D:1      | Found a faded altar of an unknown god.
   462 | D:1      | Reached skill level 3 in Unarmed Combat
  1094 | D:1      | Reached XP level 3. HP: 26/26 MP: 4/6
  1098 | D:1      | Learned a level 3 spell: Spider Form
  1970 | D:3      | Found a burning altar of Makhleb.
  2130 | D:3      | Gained mutation: You sometimes gain a little power by
                  | taking damage. [demonic ancestry]
  2130 | D:3      | Reached XP level 4. HP: 28/32 MP: 7/7
  2372 | D:3      | Reached skill level 1 in Poison Magic
  2989 | D:3      | Noticed Grinder
  3055 | D:3      | Paralysed by Grinder for 6 turns
  3186 | D:3      | Killed Grinder
  3187 | D:3      | Reached skill level 4 in Unarmed Combat
  3187 | D:3      | Gained mutation: You have hoof-like feet. [demonic
                  | ancestry]
  3187 | D:3      | Reached XP level 5. HP: 23/39 MP: 5/9
  3187 | D:3      | Gained mutation: You have a somewhat thin skeletal
                  | structure. (Dex +2, Stealth+) [demonic ancestry]
  3187 | D:3      | Reached XP level 6. HP: 27/45 MP: 5/10
  3874 | D:4      | Found a stormy altar of Qazlal.
  5020 | D:5      | Entered Level 5 of the Dungeon
  5020 | D:5      | Noticed kae's ghost (novice DrTm)
  5020 | D:5      | Noticed incide's ghost (novice MfGl)
  5020 | D:5      | Found a runed translucent gate.
  5020 | D:5      | Found a runed translucent gate.
  5020 | D:5      | Found a runed translucent gate.
  5207 | D:5      | Found a blossoming altar of Fedhas.
  5567 | D:5      | Gained mutation: You are partially covered in sharp spines.
                  | [demonic ancestry]
  5567 | D:5      | Reached XP level 7. HP: 32/51 MP: 11/11
  5576 | D:4      | Splashed by a jelly's acid

Illustrated notes

Levels and vault maps discovered:
D:1:      dpeg_arrival_pits, layout_basic,
          shapermc_ecumenical_altar_starsandcircs, item_on_display_a
D:2:      layout_basic, minmay_misc_feat_enclosed, minmay_pentomino_p4
D:3:      minmay_spotlight, layout_basic, mainiacjoe_overflow_six_doors_small,
          uniq_grinder
D:4:      layout_basic, grunt_qazlal_sundering, patterned_corridor
D:5:      layout_rooms, kennysheep_mini, nicolae_hepliaklqana_monster_ancestors,
          old_standard_altar, minmay_temple_entry_junction,
          gammafunk_ghost_cemetery, minmay_misc_feat_diagonals,
          chequers_serial_rivers_marsh

Skill      XL: |  1  2  3  4  5  6 |
---------------+-------------------+-----
Transmutations | 2 3 |  3.6
Dodging        | 2 |  2.8
Unarmed Combat | 3 4 |  4.4
Poison Magic   | 2 |  2.0
Fighting       | 2 |  2.7
Spellcasting   | 3 |  3.1

Action                   |  1- 3 |  4- 6 |  7- 9 || total
-------------------------+-------+-------+-------++-------
Melee: Unarmed           |    53 |    84 |     2 ||   139
       Headbutt          |    16 |     3 |       ||    19
       Kick              |    19 |     7 |     1 ||    27
       Hand axe          |    37 |    43 |     2 ||    82
       Punch             |     1 |     1 |     1 ||     3
 Cast: Beastly Appendage |    25 |     8 |       ||    33
       Spider Form       |       |    18 |       ||    18
  Use: Scroll            |     4 |     7 |       ||    11
       Potion            |     1 |     1 |       ||     2
 Stab: Sleeping          |     5 |     3 |       ||     8
Armor: Robe              |    15 |    11 |       ||    26
       Skin              |       |     3 |       ||     3
Dodge: Dodged            |    51 |    96 |     3 ||   150

Table legend: (Time is in decaauts)
 A = Elapsed time spent in this place.
 B = Non-inter-level travel time spent in this place.
 C = Inter-level travel time spent in this place.
 D = Time resting spent in this place.
 E = Time spent auto-exploring this place.
 F = Levels seen in this place.
 G = Mean time per level.
                   A        B        C        D        E       F      G
               +--------+--------+--------+--------+--------+-----+--------+
         Total |   5593 |   5401 |    192 |    604 |   4026 |   5 | 1118.6 |
       Dungeon |   5593 |   5401 |    192 |    604 |   4026 |   5 | 1118.6 |
               +--------+--------+--------+--------+--------+-----+--------+

Top non-repeatable levels by time:
     D:3: 1697 daAuts
     D:4: 1563 daAuts
     D:1: 1332 daAuts
     D:2: 687 daAuts
     D:5: 313 daAuts
